cohdb
Replays
Latest Replays
All Replays
Popular Replays
Top Player Replays
Match Explorer
How It Works
Community
CoH3 Stats
Reddit
Sign in to upload your games and track your stats! →
Sign in with Steam
Match 42806615
Unlisted
Match 42806615
Overview
Messages
Build Orders
End
Kradschützen Motorcycle Team
Panzergrenadier Squad
Panzergrenadier Squad
Panzergrenadier Squad
Construct Light Support Kompanie
Construct Mechanized Kompanie
Panzerpioneer Squad
8 Rad Armored Car
Veteran Squad Leaders
Construct Panzerarmee Kommand
Rapid Advance
Selects Panzerjäger Kommand Battlegroup
Selects Mine Fields
Selects Defensive Positions
Selects Tank Busters
Selects Butterfly Bomb Drop
Panzer III L Medium Tank
Superbiz2
Ritchiey
Kakashi
The Broken Ace
dan legend
apicton
oldeenglishdry
Jimbo Rustles
0
0
Comments
sign in to comment!
No comments posted yet!